 Dungeon Crawl Stone Soup version 0.30.1-9-gdf580d7c3d (webtiles) character file.

Game seed: 17314390460122031802

273 Wiggles the Chopper (level 6, 0/84 HPs)
             Began as a Minotaur Berserker on Oct 5, 2023.
             Was a Believer of Trog.
             Slain by an orc wizard
             ... wielding a +0 dagger
              (2 damage)
             ... on level 4 of the Dungeon.
             The game lasted 00:04:13 (2387 turns).

Wiggles the Chopper (Minotaur Berserker)            Turns: 2387, Time: 00:04:14

Health: 0/84       AC:  9    Str: 24    XL:     6   Next: 2%
Magic:  5/5        EV:  6    Int:  4    God:    Trog [**....]
Gold:   234        SH:  9    Dex:  9    Spells: 5/5 levels left

rFire   . . .        a - +0 hand axe
rCold   . . .        o - +0 tower shield
rNeg    . . .        l - +0 chain mail
rPois   .            (helmet restricted)
rElec   .            (no cloak)
rCorr   .            (no gloves)
SInv    .            (no boots)
Will    .....        (no amulet) Stlth
                     (no ring)
HPRegen 0.34/turn    (no ring)
MPRegen 0.09/turn

%: no passive effects
@: berserking, very quick
A: horns 2, retaliatory headbutt
a: Renounce Religion, Berserk, Trog's Hand


You were on level 4 of the Dungeon.
You worshipped Trog.
Trog was pleased with you.
You visited 1 branch of the dungeon, and saw 4 of its levels.

You collected 234 gold pieces.

Inventory:

Hand Weapons
 a - a +0 hand axe (weapon)
Armour
 l - a +0 chain mail (worn)
 o - a +0 tower shield (worn)
Scrolls
 d - a scroll of poison {unknown}
 e - a scroll of fear {unknown}
 f - a scroll of magic mapping {unknown}
 h - 3 scrolls of identify {unknown}
 i - a scroll of amnesia {unknown}
 j - 3 scrolls of vulnerability {unknown}
 k - 2 scrolls of fog {unknown}
 m - a scroll of teleportation {unknown}
 n - a scroll of blinking {unknown}
Potions
 b - 2 potions of curing {unknown}
 c - a potion of attraction {unknown}
 g - 2 potions of ambrosia {unknown}


   Skills:
 + Level 5.2 Fighting
 + Level 5.5 Axes
 + Level 3.7 Armour
 + Level 3.7 Dodging
 + Level 0.2 Stealth


You had 5 spell levels left.
You didn't know any spells.
Your spell library was empty.

Dungeon Overview and Level Annotations

Branches:
Dungeon (4/15)
 Temple: D:4-7

Altars:
Cheibriados
Elyvilon
Fedhas
Wu Jian


Innate Abilities, Weirdness & Mutations

You have a pair of horns on your head.
You reflexively headbutt those who attack you in melee.


Message History

Deactivating autopickup; reactivate with Ctrl-A.
You bump into the rock wall.
Something hits you but does no damage.
You hear some strange, mumbled words.
Something tries to affect you, but you resist.
The orc priest invokes the aid of Beogh against you.
Beogh smites you!
You bump into the rock wall.
The orc priest hits you with a +0 flail.
* * * LOW HITPOINT WARNING * * *
You hit the orc priest.
The orc priest is heavily wounded.
You miss something.
You feel less confused.
You hear some strange, mumbled words.
Something tries to affect you, but you resist.
The orc priest looks braver for a moment.
You miss something. Your headbutt misses something.
You hit the orc priest but do no damage.
Something hits you.
* * * LOW HITPOINT WARNING * * *
You block the orc priest's attack. x2; Something hits you but does no damage.
A red film seems to cover your vision as you go berserk!
You feel yourself moving faster!
You feel mighty! Something hits you.
* * * LOW HITPOINT WARNING * * *
The orc priest hits you with a +0 flail.
* * * LOW HITPOINT WARNING * * *
You miss something. You barely miss the orc priest.
You hear some strange, mumbled words.
A magic dart appears from out of thin air!
The magic dart hits you.
* * * LOW HITPOINT WARNING * * *
The orc priest calls down the wrath of Beogh upon you.
Beogh smites you!
* * * LOW HITPOINT WARNING * * *
You barely miss something. You hit the orc priest. You closely miss something.
You headbutt something. You hit the orc priest.
You kill the orc priest!
Trog accepts your kill. Something hits you.
You die...

#### ..# #.# #####
###.####...# #####
###.##...<......####...#
#........####........#.#
.....#.)# ########...#
.#.. ##.# ##)## ##..#@##
#.# #){# #.# ........#
#.## #.......# #...
##.#..#.# ###. .. #..#.?
#. # #..#.. #. #..#..
###. .. #..# #...


There were no monsters in sight!

Vanquished Creatures
  A scorpion (D:3)
  An orc priest (D:4)
  Jessica (D:2)
  Natasha (thrice) (D:3)
  3 adders
  A gnoll (D:1)
  3 worms
  2 dart slugs
  4 orcs
  9 ball pythons
  5 endoplasms
  3 giant cockroaches
  7 goblins
  5 hobgoblins
  2 quokkas (D:1)
  4 bats
  2 frilled lizards (D:2)
  3 kobolds
  9 rats
68 creatures vanquished.

Notes
Turn   | Place    | Note
-------+----------+-------------------------------------------
     0 | D:1      | Wiggles the Minotaur Berserker began the quest for the Orb.
     0 | D:1      | Reached XP level 1. HP: 19/19 MP: 0/0
    98 | D:1      | Reached XP level 2. HP: 27/27 MP: 1/1
   487 | D:1      | Reached XP level 3. HP: 26/33 MP: 2/2
  1038 | D:2      | Reached ** piety under Trog
  1197 | D:2      | Noticed Jessica
  1202 | D:2      | Killed Jessica
  1203 | D:2      | Reached XP level 4. HP: 41/41 MP: 3/3
  1330 | D:2      | Identified the +0 ring mail of the Garden {rF++ Regen+
                  | Str-2}
  1619 | D:3      | Found a blossoming altar of Fedhas.
  1643 | D:3      | Found a white marble altar of Elyvilon.
  1653 | D:3      | Noticed a scorpion
  1658 | D:3      | Killed a scorpion
  1659 | D:3      | Reached skill level 5 in Fighting
  1659 | D:3      | Reached skill level 5 in Axes
  1659 | D:3      | Reached XP level 5. HP: 48/48 MP: 4/4
  1667 | D:3      | Found a snail-covered altar of Cheibriados.
  1705 | D:3      | Found an ornate altar of the Wu Jian Council.
  1710 | D:3      | Noticed Natasha
  1717 | D:3      | Killed Natasha
  1756 | D:3      | Noticed Natasha
  1770 | D:3      | Killed Natasha
  1773 | D:3      | Noticed Natasha
  1780 | D:3      | Killed Natasha
  2291 | D:3      | Reached XP level 6. HP: 56/56 MP: 5/5
  2385 | D:4      | HP: 2/84 [orc priest/divine providence (12)]
  2387 | D:4      | Slain by an orc wizard

Illustrated notes

Levels and vault maps discovered:
D:1:      matt_arrival_los_fun, layout_basic, wad_floor_pattern_1
D:2:      layout_rooms, grunt_ministairs_6, uniq_jessica
D:3:      layout_loops_cross, nicolae_wu_jian_wuxing_cycle,
          gammafunk_temple_overflow_forgotten, uniq_natasha
D:4:      layout_loops_cross, kennysheep_boxes

Skill      XL: |  1  2  3  4 |
---------------+-------------+-----
Axes           | 4 5 |  5.5
Fighting       | 4 5 |  5.2
Dodging        | 3 |  3.7
Armour         | 3 |  3.7
Stealth        | |  0.2

Action                     |  1- 3 |  4- 6 || total
---------------------------+-------+-------++-------
  Melee: Hand axe          |    66 |    71 ||   137
         Headbutt          |     6 |    11 ||    17
         Punch             |       |     1 ||     1
 Invoke: Berserk           |     3 |     2 ||     5
 Armour: Leather armour    |     9 |     7 ||    16
         Animal skin       |     1 |       ||     1
         Chain mail        |       |    37 ||    37
  Dodge: Dodged            |    52 |    43 ||    95
  Block: Tower shield      |       |     2 ||     2
